 Dungeon Crawl Stone Soup version 0.28-b1-25-g9875b3fc8c (webtiles) character file.

Game seed: 8885492272989074311

37 Armakuni the Slasher (level 3, 0/23 HPs)
             Began as a Deep Elf Berserker on Feb 5, 2022.
             Was a Follower of Trog.
             Slain by Sigmund (6 damage)
             ... on level 2 of the Dungeon.
             The game lasted 00:02:43 (1690 turns).

Armakuni the Slasher (Deep Elf Berserker)           Turns: 1690, Time: 00:02:43

Health: 0/23       AC:  5    Str: 16    XL:     3   Next: 23%
Magic:  5/5        EV: 11    Int: 11    God:    Trog [*.....]
Gold:   32         SH:  0    Dex: 14    Spells: 2/2 levels left

rFire   . . .      SeeInvis .   a - +2 long sword (elec)
rCold   . . .      Faith    .   (no shield)
rNeg    . . .      Spirit   .   d - +0 ring mail
rPois   .          Reflect  .   (no helmet)
rElec   .          Harm     .   (no cloak)
rCorr   .          Rampage  .   (no gloves)
Will    .....                   (no boots)
Stlth   +.........              (no amulet)
HPRegen 0.07/turn               (no ring)
MPRegen 0.09/turn               (no ring)

@: no status effects
A: no striking features
a: Renounce Religion, Berserk


You were on level 2 of the Dungeon.
You worshipped Trog.
Trog was aware of your devotion.
You visited 1 branch of the dungeon, and saw 2 of its levels.

You collected 32 gold pieces.

Inventory:

Hand Weapons
 a - a +2 long sword of electrocution (weapon)
Armour
 d - a +0 ring mail (worn)
Potions
 c - a potion of heal wounds {unknown}


   Skills:
 * Level 3.0 Fighting
 * Level 3.3 Long Blades
 - Level 1.5 Armour
 + Level 2.8 Dodging


You had 2 spell levels left.
You didn't know any spells.
Your spell library contained the following spells:

 Spells                   Type           Power      Damage    Failure   Level
 Ozocubu's Armour         Ice            0%         N/A       89%         3
 Metabolic Englaciation   Hex/Ice        0%         N/A       100%        5
 Simulacrum               Ice/Necr       0%         N/A       100%        6


Dungeon Overview and Level Annotations

Branches:
Dungeon (2/15)

Altars:

Shops:
D:1 ?

Annotations:
D:2 Sigmund


Message History

A worm comes into view.
You hit the worm.
The worm is lightly wounded.
You barely miss the worm.
The worm is lightly wounded.
The worm closely misses you.
You barely miss the worm.
The worm is lightly wounded.
The worm barely misses you.
You hit the worm. Lightning courses through the worm!
The worm is almost dead.
You hit the worm but do no damage.
The worm is almost dead.
The worm bites you but does no damage.
You slash the worm! Lightning courses through the worm!!
You kill the worm!
Trog accepts your kill.
You open the door.
There is an open door here.
Sigmund the Dreaded comes into view.
He is wielding a +0 scythe.
Sigmund shouts!
Sigmund moves out of view.
Sigmund is nearby!
You aren't carrying any items that you can evoke.
You aren't carrying any scrolls.
Sigmund gestures at you while chanting. You resist with some effort.
You barely miss Sigmund. Sigmund hits you with a +0 scythe!
Okay, then.
You fail to use your ability.
Sigmund mumbles some strange words.
Sigmund flickers and vanishes!
Deactivating autopickup; reactivate with Ctrl-A.
You hit something.
You hear some strange, mumbled words.
A magic dart appears from out of thin air!
The magic dart hits you!
* * * LOW HITPOINT WARNING * * *
You closely miss something. Something hits you.
You die...

##...†..#.#
+......#.#
#......#.#
#......#.#
####+#'#.#
..........#
..........#
..........#
.........@#
.........{#
#######....
#.....
#......
#.......
#........
#........#


There were no monsters in sight!

Vanquished Creatures
  A worm (D:2)
  A dart slug (D:1)
  2 ball pythons (D:1)
  2 endoplasms (D:1)
  2 giant cockroaches (D:1)
  A goblin (D:1)
  3 hobgoblins (D:1)
  2 jackals (D:1)
  5 quokkas (D:1)
  3 bats (D:1)
  2 frilled lizards (D:1)
  3 kobolds (D:1)
  2 rats (D:1)
29 creatures vanquished.

Notes
Turn   | Place    | Note
-------+----------+-------------------------------------------
     0 | D:1      | Armakuni the Deep Elf Berserker began the quest for the
                  | Orb.
     0 | D:1      | Reached XP level 1. HP: 13/13 MP: 3/3
   220 | D:1      | Reached XP level 2. HP: 9/18 MP: 4/4
   507 | D:1      | Found Siyvurcho's Magic Scroll Emporium.
  1198 | D:1      | Reached XP level 3. HP: 22/22 MP: 5/5
  1324 | D:1      | Found a faded altar of an unknown god.
  1683 | D:2      | Noticed Sigmund
  1690 | D:2      | Slain by Sigmund

Illustrated notes

Levels and vault maps discovered:
D:1:      minmay_arrival_nine_rooms, layout_loops_ring,
          dreamdust_ecumenical_altar_grove, serial_shops, nicolae_lakefront_shop
D:2:      layout_basic, nrook_campfire, roderic_lattice_a, uniq_jessica,
          uniq_natasha, uniq_sigmund

Skill      XL: |  1  2  3 |
---------------+----------+-----
Long Blades    | 3 |  3.3
Fighting       | 3 |  3.0
Armour         | |  1.5
Dodging        | |  2.8

Action                   || total
-------------------------++-------
Melee: Falchion          ||    43
       Long sword        ||    35
Invok: Berserk           ||     3
Armor: Animal skin       ||    15
       Ring mail         ||    16
Dodge: Dodged            ||    53
